 Dungeon Crawl Stone Soup version 0.31-a0-664-g902f515a81 (webtiles) character file.

Game seed: 5804165799889302581

310 greenreed the Ruffian (level 6, -23/46 HPs)
             Began as a Djinni Shapeshifter on Sept 2, 2023.
             Annihilated by an ogre
             ... wielding a +0 giant club
              (25 damage)
             ... on level 4 of the Dungeon.
             The game lasted 00:06:18 (3050 turns).

greenreed the Ruffian (Djinni Shapeshifter)         Turns: 3050, Time: 00:06:19

Health: -23/46     AC:  3    Str: 15    XL:     6   Next: 69%
Gold:   174        EV: 13    Int: 15    God:
                   SH:  0    Dex: 13

rFire   + +          .
                       - Unarmed
rCold   x . .        (no shield)
rNeg    . . .        r - +1 robe of Duck's Teeth {Int+4 Slay+2}
rPois   ∞            (helmet currently unavailable)
rElec   .            (cloak currently unavailable)
rCorr   .            (gloves currently unavailable)
SInv    .            (boots unavailable)
Will    .....        (no amulet)
Stlth   +            (no ring)
HPRegen 0.27/turn    (no ring)
MPRegen 0.00/turn

%: infuse magic (-24 HP)
@: beast-form, flying
A: beast (slay +1), flying, sickness immunity, fire resistance 2, cold
vulnerability 1, float, innate caster, HP casting, extra vitality 1
a: Begin Untransformation


You were on level 4 of the Dungeon.
You were a hulking beast.
You visited 1 branch of the dungeon, and saw 4 of its levels.

You collected 174 gold pieces.

Inventory:

Missiles
 i - 17 poisoned darts
Armour
 a - a +0 animal skin
 b - a +1 robe of cold resistance
 o - a +0 cloak
 p - a +0 chain mail
 r - the +1 robe of Duck's Teeth (worn) {Int+4 Slay+2}
   (You found it on level 3 of the Dungeon)

   Int+4:     It affects your intelligence (+4).
   Slay+2:    It affects your accuracy & damage with ranged weapons and melee
   (+2).
Talismans
 c - a beast talisman (active)
 d - a flux talisman
Scrolls
 e - 2 scrolls of poison {unknown}
 f - 2 scrolls of fear {unknown}
 g - 5 scrolls of identify {unknown}
 h - a scroll of blinking {unknown}
 m - a scroll of vulnerability {unknown}
 n - 4 scrolls of teleportation {unknown}
 q - a scroll of immolation {unknown}
 t - 2 scrolls of amnesia {unknown}
 w - a scroll of revelation {unknown}
Potions
 j - a potion of resistance {unknown}
 k - a potion of ambrosia {unknown}
 l - a potion of curing {unknown}
 s - a potion of magic {unknown}
 u - a potion of mutation {unknown}
 v - a potion of degeneration {unknown}


   Skills:
 * Level 3.6 Fighting
 + Level 3.5 Dodging
 * Level 4.6 Unarmed Combat
 + Level 3.4 Shapeshifting


You knew the following spells:

 Your Spells              Type           Power      Damage    Failure   Level
a - Summon Small Mammal   Summ           0%         N/A       26%         1
b - Passwall              Tmut/Erth      0%         N/A       38%         2
Your spell library was empty.

Dungeon Overview and Level Annotations

Branches:
Dungeon (4/15)
 Temple: D:4-7

Altars:
Elyvilon
Fedhas
Gozag
Nemelex Xobeh
Xom
Zin

Shops:
D:2 *

Annotations:
D:3 Ijyb


Innate Abilities, Weirdness & Mutations

You are a hulking beast.
Your limbs bulge with bestial killing power. (Slay +1)
You are flying.
You are immune to sickness and miasma.
You are immune to poison.
Your flesh is very heat resistant. (rF++)
You are vulnerable to cold. (rC-)
You float through the air rather than walking.
You learn spells naturally, not from books.
Your magical power is your life essence.
You have superior vitality. (+4 MHP)


Message History

You kill the endoplasm!
No target in view!
A hound comes into view.
The hound barks!
You punch the hound!
The hound is heavily wounded.
The hound bites you. The hound closely misses you.
You punch the hound!
You kill the hound!
No target in view!
An ufetubus comes into view.
The ufetubus hits you but does no damage.
The ufetubus completely misses you.
You hit the ufetubus.
The ufetubus is lightly wounded.
The ufetubus barely misses you. The ufetubus hits you.
You punch the ufetubus!
You kill the ufetubus!
No target in view!
Items here: ( )) ÷÷.
Found a stone staircase leading down.
An ogre comes into view. It is wielding a +0 giant club.
The ogre shouts!
You hit the ogre.
The ogre is lightly wounded.
The ogre hits you with a +0 giant club!!
Ouch! That really hurt!
You are too injured to fight recklessly!
You are too injured to fight recklessly!
You hit the ogre.
The ogre is moderately wounded.
You punch the ogre!
The ogre is heavily wounded.
The ogre hits you with a +0 giant club!
* * * LOW HITPOINT WARNING * * *
You punch the ogre!
The ogre is severely wounded.
The ogre hits you with a +0 giant club!!
Ouch! That really hurt!
You die...

#...#
#.######
##.##
#.......
#.#
#######.
#.# #. #.#
######.
#.#
.......
#.#
#######
#.########
#
#.hO......
#
##########


You could see an ogre.

Vanquished Creatures
  An ogre (D:4)
  A howler monkey (D:4)
  A hound (D:4)
  3 gnolls (D:4)
  3 adders (D:4)
  An ufetubus (D:4)
  A worm (D:2)
  2 dart slugs (D:2)
  2 orcs
  4 ball pythons
  8 endoplasms
  3 giant cockroaches
  2 hobgoblins
  22 jackals
  2 quokkas (D:2)
  3 bats
  3 frilled lizards
  6 goblins
  A kobold (D:4)
  6 rats
75 creatures vanquished.

Notes
Turn   | Place    | Note
-------+----------+-------------------------------------------
     0 | D:1      | greenreed the Djinni Shapeshifter began the quest for the
                  | Orb.
     0 | D:1      | Reached XP level 1. HP: 17/17 MP: 0/0
   111 | D:1      | Reached XP level 2. HP: 14/22 MP: 0/0
   371 | D:1      | Found a faded altar of an unknown god.
   505 | D:2      | Reached XP level 3. HP: 22/28 MP: 0/0
   505 | D:2      | Learned a level 1 spell: Summon Small Mammal
   783 | D:2      | Found a shimmering altar of Xom.
   977 | D:2      | Found Hyetion's Assorted Antiques.
  1349 | D:3      | Reached XP level 4. HP: 32/33 MP: 0/0
  1703 | D:3      | Identified the +1 robe of Duck's Teeth {Int+4 Slay+2}
  1721 | D:3      | Found a sparkling altar of Nemelex Xobeh.
  2000 | D:3      | Noticed Ijyb
  2172 | D:4      | Noticed an ogre
  2184 | D:4      | Killed an ogre
  2185 | D:4      | Reached skill level 4 in Unarmed Combat
  2185 | D:4      | Reached XP level 5. HP: 29/40 MP: 0/0
  2185 | D:4      | Learned a level 2 spell: Passwall
  2329 | D:4      | Reached XP level 6. HP: 45/46 MP: 0/0
  2433 | D:4      | Found a blossoming altar of Fedhas.
  2437 | D:4      | Found a glowing silver altar of Zin.
  2440 | D:4      | Found an opulent altar of Gozag.
  2831 | D:4      | Found a white marble altar of Elyvilon.
  3044 | D:4      | Noticed an ogre
  3049 | D:4      | HP: 2/46 [ogre/+0 giant club (15)]
  3050 | D:4      | Annihilated by an ogre

Illustrated notes

Levels and vault maps discovered:
D:1:      co_arrival_square_in_a_square_in_a_square, layout_rooms,
          shapermc_ecumenical_altar_ellora
D:2:      layout_basic, serial_shops, nicolae_shop_advertising_works
          [nicolae_subvault_shop_adworks], basic_altar
D:3:      layout_basic, lemuel_doored_altar, uniq_ijyb
D:4:      lemuel_castle_with_subvaults [lemuel_castle_interior_carwin_2],
          layout_loops_ring, grunt_temple_overflow_diamond,
          nicolae_elyvilon_temple_path

Skill      XL: |  1  2  3  4  5 |
---------------+----------------+-----
Fighting       | 2 3 |  3.6
Shapeshifting  | 3 |  3.4
Dodging        | 3 |  3.5
Unarmed Combat | 4 |  4.6

Action                     |  1- 3 |  4- 6 || total
---------------------------+-------+-------++-------
  Melee: Unarmed           |   109 |   121 ||   230
         Punch             |     2 |     4 ||     6
    Use: Potion            |       |     1 ||     1
   Stab: Sleeping          |     1 |       ||     1
 Armour: Animal skin       |    21 |       ||    21
         Chain mail        |    36 |    14 ||    50
         Skin              |     1 |     5 ||     6
         Robe              |       |    34 ||    34
  Dodge: Dodged            |    48 |    57 ||   105

Table legend: (Time is in decaauts)
 A = Elapsed time spent in this place.
 B = Non-inter-level travel time spent in this place.
 C = Inter-level travel time spent in this place.
 D = Time resting spent in this place.
 E = Time spent auto-exploring this place.
 F = Levels seen in this place.
 G = Mean time per level.
                   A        B        C        D        E       F      G
               +--------+--------+--------+--------+--------+-----+--------+
         Total |   3033 |   2948 |     85 |     84 |   2338 |   4 |  758.2 |
       Dungeon |   3033 |   2948 |     85 |     84 |   2338 |   4 |  758.2 |
               +--------+--------+--------+--------+--------+-----+--------+

Top non-repeatable levels by time:
     D:4: 900 daAuts
     D:2: 851 daAuts
     D:3: 797 daAuts
     D:1: 484 daAuts
